Map: Oxide LE

Players

MarineLorD - Winner!

  • Race: Terran Terran
  • League: Master

ShaDoWn

  • Race: Protoss Protoss

Event: DreamHack SC2 Masters 2021 Fall

VOD

Have the link to the VOD?

Description

Time

  • Played on: Aug. 8, 2021, 1:38 p.m.
  • Length: 10:45

All games in this series

Show
View Real Time Build Order
Export as new Build Order

MarineLorD Terran - Winner!

Build Orders:  

Get SALT Encoding   

  12  0:01  SCV  
  13  0:13  SCV  
  14  0:17  Supply Depot  
  14  0:25  SCV  
  15  0:39  SCV  
  15  0:40  Barracks  
  16  0:43  Refinery  
  16  0:51  SCV  
  17  1:03  SCV  
  18  1:15  SCV  
  19  1:27  Barracks Reactor, Orbital Command  
  19  1:40  Command Center  
  19  1:53  SCV, Supply Depot  
  20  2:02  Barracks  
  20  2:05  SCV  
  20  2:07  Marine  
  20  2:08  Marine  
  23  2:15  Barracks  
  23  2:18  SCV  
  24  2:25  Marine x2  
  26  2:32  SCV  
  27  2:43  Marine x2  
  27  2:44  SCV  
  30  2:51  Barracks Tech Lab  
  30  2:54  Orbital Command  
  30  2:56  SCV  
  30  3:02  Marine x2  
  30  3:03  Barracks Tech Lab  
  32  3:08  SCV  
  32  3:10  Marine, Stimpack  
  34  3:13  Refinery  
  34  3:19  SCV  
  35  3:20  Marine x2  
  37  3:27  SCV  
  37  3:31  SCV  
  37  3:33  Marine  
  40  3:34  Marine  
  41  3:42  Marine x2  
  41  3:43  Combat Shield  
  41  3:47  SCV  
  41  3:51  Marine  
  41  3:52  Marine, SCV  
  42  4:01  SCV  
  41  4:03  Supply Depot x2  
  41  4:06  SCV  
  42  4:11  Marine x4  
  42  4:14  SCV  
  46  4:25  SCV  
  46  4:26  Engineering Bay  
  46  4:28  Marine x2, SCV  
  46  4:29  Factory  
  46  4:30  Marine  
  51  4:31  Marine  
  51  4:37  SCV  
  53  4:40  SCV  
  53  4:42  Supply Depot  
  53  4:43  Refinery  
  54  4:46  Marine x2  
  54  4:49  SCV  
  54  4:52  SCV, Missile Turret  
  58  4:56  Terran Infantry Weapons Level 1  
  58  5:00  Supply Depot  
  58  5:01  SCV  
  58  5:04  SCV  
  58  5:05  Marine x2  
  62  5:13  Marauder x2  
  66  5:17  SCV x2  
  67  5:22  Starport  
  67  5:23  Factory Reactor  
  68  5:32  SCV x2, Missile Turret  
  68  5:34  Supply Depot  
  69  5:37  Marauder  
  69  5:38  Marauder  
  69  5:41  Marine x2  
  75  5:44  SCV x2  
  75  5:49  Supply Depot  
  77  5:56  SCV  
  74  5:57  SCV  
  75  6:06  Factory Reactor  
  75  6:08  Refinery  
  75  6:09  Medivac x2  
  79  6:12  Marine x2, Marauder x2  
  79  6:16  Supply Depot  
  79  6:17  Supply Depot  
  85  6:26  Barracks x2  
  85  6:35  Marine, Marauder x2  
  85  6:39  Medivac x2  
  94  6:48  Supply Depot  
  94  6:50  Terran Infantry Armor Level 1  
  94  6:52  Marine  
  94  6:53  Marine  
  90  6:57  Widow Mine, Marauder x2  
  90  6:58  Widow Mine  
  97  7:14  Marine x2  
  96  7:20  Marine x2  
  96  7:21  SCV  
  75  7:31  Orbital Command  
  75  7:32  Marine x2  
  75  7:36  Viking x2  
  68  7:37  Widow Mine x2  
  68  7:40  Marine  
  68  7:41  Marine x2, Marauder  
  73  7:48  SCV  
  73  7:50  Marine x2  
  70  7:59  SCV  
  70  8:00  SCV  
  72  8:06  Marine  
  72  8:07  Marauder  
  72  8:11  SCV  
  76  8:13  SCV  
  76  8:19  Viking  
  79  8:24  SCV  
  79  8:25  SCV  
  81  8:31  Barracks Tech Lab, Marauder x2  
  81  8:33  Barracks Reactor, Marine x2  
  87  8:39  Supply Depot  
  87  8:41  Viking  
  89  8:49  Medivac  
  89  8:51  Marauder  
  89  8:54  Marine  
  89  8:55  Marauder  
  96  8:58  Marauder  
  98  9:07  Marine  
  98  9:11  Medivac  
  98  9:12  Marine, Marauder  
  98  9:14  Marine  
  98  9:16  Marauder  
  104  9:19  Viking  
  104  9:21  Marauder  
  84  9:24  Marine  
  84  9:28  Marine  
  49  10:08  Orbital Command  
Show
View Real Time Build Order
Export as new Build Order

ShaDoWn Protoss 

Build Orders: 1 Gate Expand, Oracle Opening, Colossus Rush 

Get SALT Encoding   

  12  0:00  Probe  
  13  0:12  Probe  
  14  0:17  Pylon  
  14  0:24  Probe  
  14  0:27  Assimilator  
  15  0:36  Probe (Chrono Boost)  
  15  0:41  Gateway  
  16  0:48  Probe (Chrono Boost)  
  17  0:52  Probe (Chrono Boost)  
  18  1:03  Probe  
  19  1:15  Probe  
  20  1:21  Nexus  
  20  1:31  Cybernetics Core  
  20  1:34  Probe  
  20  1:39  Assimilator  
  21  1:46  Probe  
  22  1:52  Pylon  
  22  1:58  Probe  
  22  1:59  Pylon  
  23  2:07  Adept (Chrono Boost)  
  23  2:11  Probe  
  26  2:18  Stargate  
  26  2:23  Probe (Chrono Boost)  
  27  2:30  Adept  
  27  2:36  Warp Gate, Probe (Chrono Boost)  
  31  2:37  Probe (Chrono Boost)  
  32  2:44  Probe (Chrono Boost)  
  32  2:49  Probe (Chrono Boost)  
  33  2:55  Probe (Chrono Boost)  
  33  2:57  Probe  
  35  3:00  Oracle (Chrono Boost)  
  38  3:06  Adept, Probe  
  38  3:09  Probe  
  42  3:18  Probe  
  43  3:21  Probe  
  43  3:24  Robotics Facility  
  43  3:26  Assimilator  
  44  3:29  Assimilator  
  44  3:30  Probe  
  44  3:33  Probe  
  43  3:43  Probe (Chrono Boost)  
  43  3:45  Probe (Chrono Boost)  
  45  3:57  Probe (Chrono Boost)  
  45  4:01  Probe (Chrono Boost)  
  44  4:04  Probe (Chrono Boost)  
  44  4:07  Probe (Chrono Boost)  
  46  4:11  Probe  
  46  4:12  Gateway  
  46  4:14  Shield Battery  
  50  4:19  Probe  
  50  4:20  Robotics Bay  
  50  4:23  Probe  
  52  4:25  Immortal (Chrono Boost)  
  52  4:26  Pylon  
  52  4:31  Probe  
  54  4:33  Gateway  
  54  4:40  Pylon  
  54  4:44  Probe  
  55  4:49  Pylon, Sentry  
  57  4:54  Pylon  
  57  4:59  Probe  
  59  5:04  Colossus (Chrono Boost), Probe  
  59  5:09  Extended Thermal Lance  
  59  5:10  Sentry  
  59  5:11  Probe  
  68  5:16  Probe  
  69  5:23  Twilight Council, Probe  
  70  5:29  Probe  
  70  5:33  Sentry  
  73  5:35  Probe  
  73  5:41  Probe  
  73  5:42  Colossus (Chrono Boost)  
  74  5:43  Stalker  
  74  5:46  Forge  
  74  5:48  Probe  
  83  5:57  Nexus  
  83  6:01  Pylon, Probe  
  83  6:03  Blink (Chrono Boost)  
  84  6:04  Probe  
  85  6:13  Probe  
  85  6:18  Protoss Ground Weapons Level 1, Pylon  
  86  6:22  Sentry, Warp Prism (Chrono Boost)  
  86  6:24  Stalker  
  93  6:35  Stalker  
  93  6:36  Probe x2  
  96  6:44  Pylon  
  96  6:46  Sentry  
  98  6:47  Stalker  
  98  6:48  Probe x2  
  98  6:50  Pylon  
  102  7:02  Probe x2  
  102  7:07  Pylon  
  107  7:21  Zealot x3  
  101  7:32  Probe  
  101  7:35  Probe  
  97  7:42  Stalker x3  
  102  7:51  Probe  
  82  7:52  Probe  
  76  8:02  Robotics Facility  
  76  8:04  Nexus  
  76  8:07  Stalker x3  
  82  8:13  Probe  
  82  8:15  Pylon  
  82  8:18  Probe  
  82  8:19  Assimilator  
  84  8:21  Shield Battery  
  84  8:23  Gateway  
  84  8:24  Gateway  
  84  8:30  Sentry, Stalker x2  
  84  8:32  Probe  
  91  8:34  Probe  
  91  8:38  Assimilator  
  92  8:44  Probe  
  92  8:46  Probe  
  94  8:54  Stalker x2  
  98  8:56  Probe  
  98  8:58  Probe  
  99  9:08  Probe  
  59  9:28  Stalker x3  
  65  9:37  Probe  

Tags
 
Add a new tag
Caveats
  • Supply blocks, unpowered buildings, or Contaminate may cause inaccurate times.
  • Supply counts are checked every 10 seconds.